 Dungeon Crawl Stone Soup version 0.25-a0-634-gd1561dc703 (webtiles) character file.

Game seed: 2991119152472734446, levelgen mode: classic

18266 EnegeticOcto the Thaumaturge (level 12, -1/86 HPs)
             Began as a Mummy Fire Elementalist on Mar 20, 2020.
             Was an Initiate of Gozag.
             Slain by a troll (5 damage)
             ... on level 11 of the Dungeon.
             The game lasted 01:04:03 (21721 turns).

EnegeticOcto the Thaumaturge (MuFE)                Turns: 21721, Time: 01:04:03

Health: -1/86      AC:  5    Str: 11    XL:     12   Next: 26%
Magic:  16/28      EV: 12    Int: 19    God:    Gozag
Gold:   2498       SH:  0    Dex: 13    Spells: 23/35 levels left

rFire    x . .     SeeInvis .   b - +2 dagger (venom)
rCold    + . .     Gourm    .   (no shield)
rNeg     + + +     Faith    .   t - +0 robe (curse)
rPois    ∞         Spirit   .   (no helmet)
rElec    .         Reflect  .   q - +0 cloak
rCorr    .         Harm     .   f - +1 pair of gloves
MR       +....                  (no boots)
Stlth    ++........             (no amulet)
HPRegen  0.24/turn              (no ring)
MPRegen  0.21/turn              (no ring)

@: gold aura
A: no food or potions, fire vulnerability, cold resistance 1, negative energy
resistance 3, torment resistance, unbreathing
a: Potion Petition, Call Merchant, Bribe Branch, Renounce Religion


You were on level 11 of the Dungeon.
You worshipped Gozag.
Gozag was most pleased with you.
You were not hungry.

You visited 2 branches of the dungeon, and saw 15 of its levels.
You also visited: Ossuary and Bailey.

You collected 2984 gold pieces.
You paid 486 gold pieces to Gozag.

Inventory:

Hand Weapons
 b - a +2 dagger of venom (weapon)
 o - a +5 short sword of freezing
Missiles
 c - 400 stones (quivered)
 s - 3 silver javelins
 v - 4 curare-tipped darts
 y - 4 throwing nets {!f}
Armour
 f - a +1 pair of gloves (worn)
 q - a +0 cloak (worn)
 t - a cursed +0 robe (worn)
Wands
 e - a wand of disintegration (3)
 j - a wand of polymorph (15)
 n - a wand of digging (6) {@v3}
 r - a wand of flame (22) {@v4}
Scrolls
 a - a scroll of silence
 d - a scroll of fear {!r}
 g - 4 scrolls of remove curse {@r2}
 h - 8 scrolls of amnesia
 i - 4 scrolls of fog {!r}
 k - a scroll of summoning
 l - 5 scrolls of teleportation {@r3 !r}
 m - a scroll of enchant armour
 p - a scroll of identify {@r1}
 u - a scroll of magic mapping {@r5 !r}
 w - a scroll of torment
 x - a scroll of holy word


   Skills:
 + Level 5.6 Fighting
 - Level 1.5 Dodging
 - Level 1.5 Stealth
 - Level 12.0 Spellcasting
 - Level 10.0 Conjurations
 - Level 10.0 Fire Magic
 - Level 3.1 Evocations


You had 23 spell levels left.
You knew the following spells:

 Your Spells              Type           Power        Failure   Level  Hunger
a - Sticky Flame          Conj/Fire      #####...     1%          4    N/A
b - Foxfire               Conj/Fire      ####         1%          1    N/A
c - Fireball              Conj/Fire      #####.....   2%          5    N/A
Y - Blink                 Tloc           N/A          9%          2    N/A

Your spell library contained the following spells:

 Spells                   Type           Power        Failure   Level  Hunger
 Conjure Flame            Conj/Fire      #####...     1%          3    N/A
 Dazzling Flash           Conj/Hex       ####..       2%          3    N/A
 Inner Flame              Hex/Fire       ####....     2%          3    N/A
 Mephitic Cloud           Conj/Pois/Air  ###.....     4%          3    N/A
 Corona                   Hex            ##.....      6%          1    N/A
 Ensorcelled Hibernation  Hex/Ice        ##....       9%          2    N/A
 Poisonous Vapours        Pois/Air       ##....       9%          2    N/A
 Shroud of Golubria       Chrm/Tloc      ##....       9%          2    N/A
 Confusing Touch          Hex            ##......     19%         3    N/A
 Gell's Gravitas          Tloc           ##........   19%         3    N/A
 Lesser Beckoning         Tloc           ##........   19%         3    N/A
 Teleport Other           Tloc           ##......     19%         3    N/A
 Tukima's Dance           Hex            ##......     19%         3    N/A
 Passage of Golubria      Tloc           N/A          52%         4    N/A
 Freezing Cloud           Conj/Ice/Air   ###.......   93%         6    N/A
 Ring of Flames           Chrm/Fire      ####......   100%        7    N/A

Dungeon Overview and Level Annotations

Branches:
Dungeon (11/15)            Temple (0/1) D:7            Lair (4/6) D:8
 Spider (0/4) Lair:3      Ossuary (visited)          Bailey (visited)
  Swamp: Lair:2-4    Shoals: Lair:2-4       Orc: D:9-12

Altars:
Cheibriados
Elyvilon
Fedhas
Gozag
Hepliaklqana
Kikubaaqudgha
Okawaru
Qazlal
Ru
Trog
Vehumet
Xom
Yredelemnul
Zin

Annotations:
D:4 1 exclusion
D:5 Duvessa
D:7 exclusion: gargoyle
D:9 Maggie
Lair:2 exclusion: 3 doors
Lair:3 Rupert


Innate Abilities, Weirdness & Mutations

You do not eat or drink.
Your flesh is vulnerable to fire.
You are immune to poison.
Your flesh is cold resistant. (rC+)
You are immune to negative energy. (rN+++)
You are immune to unholy pain and torment.
You can survive without breathing.


Message History

The foxfire hits the orc.
The orc is almost dead.
Casting: Foxfire (safe; 1% risk of failure)
Confirm with . or Enter, or press ? or * to list all spells.
You conjure some foxfire!
The foxfire hits the orc.
You kill the orc!
The foxfire hits the orc!
You kill the orc!
Casting: Foxfire (safe; 1% risk of failure)
Confirm with . or Enter, or press ? or * to list all spells.
You conjure some foxfire!
You start resting.
Your foxfire dissipates!
You start resting.
Your foxfire dissipates!
You start resting.
HP restored.
Magic restored.
You now have 2399 gold pieces (gained 3).
You now have 2404 gold pieces (gained 5).
You now have 2407 gold pieces (gained 3).
You now have 2415 gold pieces (gained 8).
You now have 2428 gold pieces (gained 13).
You see here a +0 falchion.
You now have 2441 gold pieces (gained 13).
Things that are here:
a cursed +0 plate armour; a +0 mace You now have 2445 gold pieces (gained 4).
There is a stone staircase leading up here.
You now have 2452 gold pieces (gained 7).
Things that are here:
a +0 robe; a +0 dagger You now have 2469 gold pieces (gained 17).
You now have 2483 gold pieces (gained 14).
Items here: )) [[ a +1 mace of holy wrath; a +0 leather armour; a +0 dagger; a +0 robe You now have 2486 gold pieces (gained 3).
Things that are here:
a +0 giant spiked club x2
You now have 2498 gold pieces (gained 12).
You see here a +0 short sword.
Found a stone staircase leading down.
Found an escape hatch in the floor.
There is an escape hatch in the floor here.
A cyan ugly thing comes into view.
The cyan ugly thing gurgles horribly!
You hear a shout! x3
The cyan ugly thing moves out of view.
Found a stone staircase leading down.
An orc comes into view. It is wielding a +0 short sword.
Casting: Foxfire (safe; 1% risk of failure)
Confirm with . or Enter, or press ? or * to list all spells.
Aiming: Fireball (safe; 2% risk of failure)
Press: ? - help, Shift-Dir - straight line, f - cyan ugly thing
Aim: a cyan ugly thing The fireball explodes!
The fireball engulfs the cyan ugly thing!
The cyan ugly thing is lightly wounded.
You feel a bit more experienced.
You hear a shout! x6
The cyan ugly thing punches you. The cyan ugly thing shocks you!
Casting: Fireball (safe; 2% risk of failure)
Confirm with . or Enter, or press ? or * to list all spells.
Aiming: Sticky Flame (safe; 1% risk of failure)
Press: ? - help, Shift-Dir - straight line, f/p - cyan ugly thing
Aim: a cyan ugly thing (lightly wounded)
The sticky flame hits the cyan ugly thing!
The cyan ugly thing is moderately wounded.
The cyan ugly thing is covered in liquid flames!
The cyan ugly thing burns!
The cyan ugly thing punches you. The cyan ugly thing shocks you!
The cyan ugly thing burns!
The cyan ugly thing burns!
Evoke which item? (* to show all) (? for menu, Esc to quit)
Aiming: Disintegrate
Press: ? - help, Shift-Dir - straight line, f/p - cyan ugly thing
Aim: a cyan ugly thing (moderately wounded, covered in liquid flames, chance to defeat MR: 63%)
The cyan ugly thing resists with significant effort.
You hear a shout!
The cyan ugly thing burns!
The cyan ugly thing punches you! The cyan ugly thing shocks you!
* * * LOW HITPOINT WARNING * * *
Casting: Sticky Flame (safe; 1% risk of failure)
Confirm with . or Enter, or press ? or * to list all spells.
You blink.
An orc comes into view.
The cyan ugly thing burns!
The cyan ugly thing closely misses you.
Casting: Blink (safe; 9% risk of failure)
Confirm with . or Enter, or press ? or * to list all spells.
You blink.
An orc comes into view.
The orc shouts! 2 orcs, an orc warrior and a troll come into view.
An orc comes into view. It is wielding a +0 hand axe.
The troll bites you!
* * * LOW HITPOINT WARNING * * *
The troll claws you.
* * * LOW HITPOINT WARNING * * *
The troll claws you.
You die...
Your body crumbles into a pile of gold.

.### ... ..o#
..# ...o ..#
....
####>.###.#o.# #
#.§o.......o.#.#
#u##.#####...o.#
#§##....T..(...#
#.# ###.@$.....#
#.# #.##.....#
## #.# #[ ....#
.. #.# #. ####
#.# #.# #. #.#
#.# #. #.# #.#
#. #.###># #.
#.....#


You could see a troll, an orc warrior and 5 orcs.

Vanquished Creatures
  Harold (D:9)
  2 two-headed ogres
  Joseph (D:9)
  2 black mambas (Lair:2)
  4 spiny frogs
  2 komodo dragons (Lair:2)
  2 rime drakes
  A troll (D:8)
  A jumping spider (Lair:3)
  Prince Ribbit (D:9)
  3 blink frogs
  4 hippogriffs
  Sigmund (D:3)
  A wraith (D:8)
  2 wyverns
  A redback (Lair:3)
  23 yaks
  Grum (Lair:1)
  3 hungry ghosts
  A basilisk (Lair:1)
  Menkaure (D:5)
  2 water moccasins
  3 porcupines (Lair:2)
  11 orc warriors
  2 sky beasts
  2 ice beasts (D:10)
  6 ogres
  A black bear (D:9)
  4 centaurs
  2 phantoms
  2 wolves (Lair:1)
  2 crocodiles (D:8)
  A big kobold (D:10)
  2 elf zombies (Ossuary)
  10 bullfrogs
  2 scorpions
  10 wights
  3 killer bees (D:11)
  3 bullfrog zombies
  A crimson imp (D:10)
  6 hounds
  5 orc wizards
  3 bullfrog skeletons
  A human zombie (Ossuary)
  2 orc priests
  A gnoll shaman (D:2)
  5 jellies
  An iguana (D:9)
  5 worker ants
  2 hound skeletons
  A hound zombie (D:8)
  2 mummies (Ossuary)
  7 gnolls (D:2)
  14 adders
  4 shadow imps
  2 oozes
  3 adder zombies (Ossuary)
  An adder skeleton (D:8)
  3 worms
  4 dart slugs
  5 leopard geckos
  39 orcs
  4 ball pythons
  6 bats
  7 giant cockroaches
  6 goblins
  7 hobgoblins
  3 jackals (D:7)
  6 quokkas
  5 frilled lizards
  7 hobgoblin zombies (Ossuary)
  A jackal zombie (Ossuary)
  15 kobolds
  10 kobold zombies (Ossuary)
  9 orc zombies (Ossuary)
  A quokka skeleton (D:4)
  A quokka zombie (D:4)
  2 rats (D:3)
  4 rat zombies (Ossuary)
  A spectral orc (D:2)
338 creatures vanquished.

Vanquished Creatures (collateral kills)
  2 blink frogs (Lair:3)
2 creatures vanquished.

Vanquished Creatures (others)
  1741 foxfires
  6 fungi (Lair:2)
1747 creatures vanquished.

Grand Total: 2087 creatures vanquished

Notes
Turn   | Place    | Note
-------+----------+-------------------------------------------
     0 | D:1      | EnegeticOcto the Mummy Fire Elementalist began the quest
                  | for the Orb.
     0 | D:1      | Reached XP level 1. HP: 13/13 MP: 4/4
    42 | D:1      | Reached skill level 1 in Conjurations
   158 | D:1      | You fall into a shaft and drop 1 floor!
   275 | D:1      | Reached XP level 2. HP: 3/19 MP: 1/5
  1500 | D:2      | Reached XP level 3. HP: 24/24 MP: 2/7
  2258 | D:3      | Noticed Sigmund
  2528 | D:2      | Found a white marble altar of Elyvilon.
  2571 | D:2      | Reached XP level 4. HP: 30/30 MP: 8/8
  2577 | D:2      | Learned a level 4 spell: Sticky Flame
  2596 | D:2      | Reached skill level 3 in Spellcasting
  2775 | D:2      | Found an opulent altar of Gozag.
  2775 | D:2      | Found a faded altar of an unknown god.
  2780 | D:2      | Found an ancient bone altar of Kikubaaqudgha.
  2782 | D:2      | Found an iron altar of Okawaru.
  2783 | D:2      | Found a glowing silver altar of Zin.
  2795 | D:2      | Became a worshipper of Gozag Ym Sagoz the Greedy
  3302 | D:2      | Found a bloodstained altar of Trog.
  3607 | D:3      | Reached skill level 4 in Spellcasting
  3607 | D:3      | Reached XP level 5. HP: 29/35 MP: 0/11
  3937 | D:4      | Found a snail-covered altar of Cheibriados.
  3950 | D:4      | Noticed an ogre
  4089 | D:4      | Reached skill level 5 in Spellcasting
  4120 | D:4      | Reached XP level 6. HP: 29/41 MP: 8/13
  4212 | D:4      | Found a sand-covered staircase.
  4219 | Ossuary  | Entered an ossuary
  5397 | Ossuary  | Reached XP level 7. HP: 27/46 MP: 4/14
  5689 | D:4      | Found a sacrificial altar of Ru.
  6041 | D:4      | Reached skill level 5 in Conjurations
  6096 | D:4      | Learned a level 5 spell: Fireball
  6396 | D:5      | Entered Level 5 of the Dungeon
  6493 | D:5      | Found a blossoming altar of Fedhas.
  6583 | D:5      | Noticed Duvessa
  6696 | D:5      | Reached skill level 5 in Fire Magic
  7003 | D:6      | Reached XP level 8. HP: 52/52 MP: 13/16
  7053 | D:6      | Reached skill level 6 in Spellcasting
  7805 | D:7      | Found a flagged portal.
  7884 | Bailey   | Entered a bailey
  8368 | Bailey   | Reached skill level 7 in Spellcasting
  8963 | Bailey   | Reached XP level 9. HP: 57/57 MP: 1/19
  9952 | D:7      | Found a staircase to the Ecumenical Temple.
 10575 | D:7      | Noticed a gargoyle
 11612 | D:2      | Found a basalt altar of Yredelemnul.
 11847 | D:3      | Killed Sigmund
 11999 | D:5      | Noticed Menkaure
 12003 | D:5      | Killed Menkaure
 12003 | D:5      | Reached skill level 1 in Fighting
 12537 | D:8      | Found a stormy altar of Qazlal.
 12570 | D:8      | Reached skill level 1 in Evocations
 12977 | D:8      | Reached XP level 10. HP: 70/70 MP: 14/20
 13495 | D:8      | Found a staircase to the Lair.
 13677 | D:8      | Reached skill level 8 in Spellcasting
 13891 | D:8      | Learned a level 2 spell: Blink
 14119 | D:9      | Noticed Joseph
 14133 | D:9      | Killed Joseph
 14338 | D:9      | Noticed Harold
 14653 | D:9      | Noticed Prince Ribbit
 14661 | D:9      | Killed Prince Ribbit
 14661 | D:9      | Reached skill level 9 in Spellcasting
 14931 | D:9      | Noticed Maggie
 15121 | D:9      | Found a hazy altar of Hepliaklqana.
 15122 | D:9      | Found a shimmering altar of Xom.
 15135 | D:9      | Found a radiant altar of Vehumet.
 15199 | D:9      | Reached skill level 10 in Spellcasting
 15615 | D:9      | Noticed a two-headed ogre
 15623 | D:9      | Killed a two-headed ogre
 15770 | D:10     | Entered Level 10 of the Dungeon
 15801 | D:10     | Reached XP level 11. HP: 68/75 MP: 25/25
 17311 | Lair:1   | Entered Level 1 of the Lair of Beasts
 17551 | Lair:1   | Reached skill level 11 in Spellcasting
 17790 | Lair:1   | Noticed Grum
 17808 | Lair:1   | Killed Grum
 18464 | Lair:1   | Reached skill level 12 in Spellcasting
 19481 | Lair:2   | Reached skill level 10 in Conjurations
 20179 | Lair:3   | Noticed Rupert
 20238 | Lair:3   | Reached XP level 12. HP: 22/81 MP: 20/28
 20773 | Lair:3   | Reached skill level 10 in Fire Magic
 21207 | D:9      | Killed Harold
 21468 | D:11     | Noticed a two-headed ogre
 21480 | D:11     | Killed a two-headed ogre
 21480 | D:11     | Reached skill level 5 in Fighting
 21721 | D:11     | HP: 4/86 [troll (6)]
 21721 | D:11     | Slain by a troll

Levels and vault maps discovered:
D:1:      psy_arrival_conway, layout_loops_ring
D:2:      layout_loops_corners, yredelemnul_forgotten_temple_becter,
          elyvilon_altar_1, chequers_temple_overflow_minitemple, bloody_trog
D:3:      layout_loops_ring, first_ration, uniq_sigmund
D:4:      layout_rooms, lemuel_coloured_pillars_altar,
          nicolae_overflow_crystal_walls, enter_ossuary_4
D:5:      layout_gridville, basic_altar, uniq_menkaure, uniq_duvessa
D:6:      layout_loops_ring
D:7:      layout_loops_corners, minmay_temple_entry_enclosed_plants,
          enter_bailey_6
D:8:      layout_loops_corners, nicolae_qazlal_general_emergency,
          david_lair_generic
D:9:      layout_irregular_city, regret_index_temple_of_mockery, basic_altar,
          uniq_harold, uniq_joseph, uniq_prince_ribbit1, uniq_maggie
D:10:     layout_grid_maze
D:11:     layout_loops_ring, orc_0_dummy, basic_altar
Lair:1:   layout_regular_city, lemuel_fruit_tree, uniq_grum
Lair:2:   layout_roguey, zaba_antful_of_joy, grunt_megastairs_4
Lair:3:   layout_layer_cave, spider_nest_entry_funnel_web,
          infiniplex_staircase_pool_2, serial_bayou_shore_b, uniq_gastronok,
          uniq_rupert
Lair:4:   minmay_guarded_unrand_snakebite, layout_gridlike,
          minmay_swamp_entry_swarm, gauntlet_entry_generic, minmay_hedge_maze,
          minivault_27, serial_bayou_pond_c

Skill      XL: |  1  2  3  4  5  6  7  8  9 10 11 12 |
---------------+-------------------------------------+-----
Conjurations   | 1 2 3 5 6 7 8 10 | 10.0
Spellcasting   | 4 5 7 10 12 | 12.0
Fire Magic     | 3 4 5 6 8 9 10 | 10.0
Fighting       | 3 5 |  5.6
Evocations     | 2 3 |  3.1
Dodging        | |  1.5
Stealth        | |  1.5

Action                   |  1- 3 |  4- 6 |  7- 9 | 10-12 || total
-------------------------+-------+-------+-------+-------++-------
Melee: Short sword       |     1 |       |       |     5 ||     6
       Dagger            |    20 |    58 |    11 |    25 ||   114
Throw: Stone             |     1 |    13 |     3 |       ||    17
 Cast: Foxfire           |    69 |   182 |   388 |   420 ||  1059
       Sticky Flame      |       |       |    18 |    65 ||    83
       Fireball          |       |       |     2 |    15 ||    17
       Blink             |       |       |       |     5 ||     5
Invok: Potion Petition   |       |       |       |     2 ||     2
Evoke: Wand              |       |       |     1 |     2 ||     3
  Use: Scroll            |     1 |     7 |     4 |    11 ||    23
 Stab: Sleeping          |       |     2 |       |     1 ||     3
Armor: Robe              |    13 |    19 |    11 |    22 ||    65
Dodge: Dodged            |    33 |    58 |    57 |    79 ||   227

Table legend:
 A = Non-vault XP
 B = Vault XP
 C = Vault XP percentage of total XP
 D = Non-vault monster count
 E = Vault monster count
 F = Vault count percentage of total count
                 A         B        C        D         E       F
            +---------+---------+-------+---------+---------+-------
      Total |   20628 |    5467 |  21.0 |     268 |      72 |  21.2
            +---------+---------+-------+---------+---------+-------
        D:1 |      34 |       0 |   0.0 |      18 |       0 |   0.0
        D:2 |     202 |       1 |   0.5 |      28 |       1 |   3.4
        D:3 |     109 |     220 |  66.9 |      31 |       1 |   3.1
        D:4 |     665 |       1 |   0.2 |      18 |       1 |   5.3
        D:5 |     204 |     175 |  46.2 |      10 |       1 |   9.1
        D:6 |     443 |       0 |   0.0 |       9 |       0 |   0.0
        D:7 |    1387 |       0 |   0.0 |      32 |       0 |   0.0
        D:8 |    1908 |     655 |  25.6 |      23 |       4 |  14.8
        D:9 |    3042 |    1747 |  36.5 |      23 |       3 |  11.5
       D:10 |    2606 |       0 |   0.0 |      25 |       0 |   0.0
       D:11 |    1504 |       0 |   0.0 |      15 |       0 |   0.0
     Lair:1 |    2506 |     418 |  14.3 |      13 |       3 |  18.8
     Lair:2 |    4561 |     468 |   9.3 |      17 |       1 |   5.6
     Lair:3 |    1457 |     513 |  26.0 |       6 |       2 |  25.0
    Ossuary |       0 |     318 | 100.0 |       0 |      39 | 100.0
     Bailey |       0 |     951 | 100.0 |       0 |      16 | 100.0
            +---------+---------+-------+---------+---------+-------
